 Dungeon Crawl Stone Soup version 0.30-b1-2-g02819fbbbe (webtiles) character file.

Game seed: 17509532960554302193

480 Alarkh the Shooter (level 6, -15/43 HPs)
             Began as a Demonspawn Hexslinger on July 7, 2023.
             Demolished by a hornet (16 damage)
             ... while paralysed by a hornet
             ... on level 4 of the Dungeon.
             The game lasted 00:05:31 (3122 turns).

Alarkh the Shooter (Demonspawn Hexslinger)          Turns: 3122, Time: 00:05:32

Health: -15/43     AC:  4    Str: 16    XL:     6   Next: 86%
Magic:  7/7        EV:  2    Int: 17    God:
Gold:   111        SH:  0    Dex: 19    Spells: 3/7 levels left

rFire   . . .        a - +1 sling
rCold   . . .        (no shield)
rNeg    . . .        c - +0 robe
rPois   .            (no helmet)
rElec   .            (no cloak)
rCorr   .            (no gloves)
SInv    .            (no boots)
Will    .....        d - amulet of regeneration
Stlth   ++           m - +6 ring of strength
HPRegen 1.07/turn    o - +6 ring of dexterity
MPRegen 0.10/turn

%: no passive effects
@: paralysed, about to teleport, slowed
A: claws 2, sharp scales 2
a: no special abilities


You were on level 4 of the Dungeon.
You visited 1 branch of the dungeon, and saw 4 of its levels.

You collected 111 gold pieces.

Inventory:

Hand Weapons
 a - a +1 sling (weapon)
Armour
 c - a +0 robe (worn)
Jewellery
 d - an amulet of regeneration (around neck)
 i - an amulet of the acrobat
 m - a +6 ring of strength (left claw)
 o - a +6 ring of dexterity (right claw)
Scrolls
 b - 2 scrolls of poison
 j - a scroll of magic mapping {unknown}
 n - a scroll of enchant armour {unknown}
Potions
 e - a potion of curing
 l - a potion of might {unknown}


   Skills:
 - Level 1.0 Fighting
 + Level 5.3 Ranged Weapons
 - Level 1.7 Dodging
 + Level 4.0 Unarmed Combat
 - Level 1.0 Spellcasting
 - Level 3.0 Hexes


You had 3 spell levels left.
You knew the following spells:

 Your Spells              Type           Power      Damage    Failure   Level
a - Portal Projectile     Hex/Tloc       10%        N/A       34%         3
b - Slow                  Hex            44%        N/A       6%          1

Your spell library contained the following spells:

 Spells                   Type           Power      Damage    Failure   Level
 Confusing Touch          Hex            11%        N/A       19%         3
 Inner Flame              Hex/Fire       5%         N/A       34%         3
 Vampiric Draining        Necr           0%         2d6       54%         3
 Cause Fear               Hex            5%         N/A       52%         4


Dungeon Overview and Level Annotations

Branches:
Dungeon (4/15)
 Temple: D:4-7

Altars:

Shops:
D:2 :

Annotations:
D:3 2 transporters, 1 runed translucent door, BerneyBell's ghost, amateur OpTm; Crazy Yiuf; Edmund


Innate Abilities, Weirdness & Mutations

You have very sharp fingernails.
You are mostly covered in razor-sharp scales. (AC +2, Slay +2)


Message History

You shoot a sling bullet.
The sling bullet barely misses the hornet.
You feel sick.
You are no longer poisoned.
The hornet stings you but does no damage. x2
You shoot a sling bullet.
The sling bullet hits the hornet but does no damage.
The hornet is moderately wounded.
The hornet stings you!
The hornet stings you but does no damage.
You shoot a sling bullet. The hobgoblin shouts!
The sling bullet hits the hornet but does no damage.
The hornet is moderately wounded.
The hornet stings you.
The hornet stings you but does no damage. x2
You shoot a sling bullet.
The sling bullet completely misses the hornet.
You feel yourself speed up.
The hornet stings you but does no damage.
The hornet stings you.
* * * LOW HITPOINT WARNING * * *
The hornet stings you but does no damage.
It was a potion of curing.
You feel better.
You feel less wooden.
Your +0 robe unmelds from your body.
The hornet closely misses you.
Okay, then.
As you read the scroll labelled TAH JURAVATOIF, it crumbles to dust.
You feel strangely unstable.
It was a scroll of teleportation.
The hornet barely misses you. The hornet stings you.
* * * LOW HITPOINT WARNING * * *
You suddenly lose the ability to move!
The hornet stings you.
* * * LOW HITPOINT WARNING * * *
You feel yourself slow down.
You feel yourself speed up. The hornet stings you!
* * * LOW HITPOINT WARNING * * *
You feel yourself slow down. The hornet stings you!
You die...

########### ####...gy@...#
##.......####.# .........#
#.# .........####.#
...........##.#
#....)g...##.#############
#.........##...)..........
#.....<...#####...........
####g###..#####.#########.


You could see a hornet and a hobgoblin.

Vanquished Creatures
  Eustachio (D:4)
  A scorpion (D:4)
  Natasha (thrice) (D:2 D:1)
  An iguana (D:4)
  6 gnolls
  3 adders (D:2)
  2 white imps (D:4)
  An ufetubus (D:4)
  An orc (D:3)
  4 bats
  5 endoplasms
  4 giant cockroaches
  8 goblins
  5 hobgoblins
  9 jackals
  8 kobolds
  2 quokkas
  8 ball pythons
  5 frilled lizards
  6 rats
83 creatures vanquished.

Vanquished Creatures (others)
  6 demonic plants (D:4)
  A fungus (D:2)
  10 plants
17 creatures vanquished.

Grand Total: 100 creatures vanquished

Notes
Turn   | Place    | Note
-------+----------+-------------------------------------------
     0 | D:1      | Alarkh the Demonspawn Hexslinger began the quest for the
                  | Orb.
     0 | D:1      | Reached XP level 1. HP: 15/15 MP: 2/2
    27 | D:1      | Reached skill level 2 in Ranged Weapons
    61 | D:1      | Gained mutation: You have sharp fingernails. [demonic
                  | ancestry]
    61 | D:1      | Reached XP level 2. HP: 18/21 MP: 3/3
   175 | D:1      | Reached skill level 3 in Ranged Weapons
   257 | D:1      | Gained mutation: You have very sharp fingernails. [demonic
                  | ancestry]
   257 | D:1      | Reached XP level 3. HP: 25/26 MP: 4/4
   560 | D:2      | Found Riaveiqa's Book Shoppe.
   645 | D:2      | Learned a level 3 spell: Portal Projectile
   685 | D:2      | Found a faded altar of an unknown god.
   700 | D:2      | Reached skill level 1 in Unarmed Combat
   722 | D:2      | Reached XP level 4. HP: 31/32 MP: 5/5
  1077 | D:2      | Noticed Natasha
  1163 | D:2      | Killed Natasha
  1178 | D:2      | Noticed Natasha
  1186 | D:2      | Killed Natasha
  1187 | D:2      | Reached skill level 4 in Ranged Weapons
  1383 | D:2      | Found a faded altar of an unknown god.
  1414 | D:2      | Found Riaveiqa's Book Shoppe.
  1420 | D:2      | Noticed Natasha
  1435 | D:1      | Killed Natasha
  1436 | D:1      | Gained mutation: You are partially covered in razor-sharp
                  | scales. (AC +1, Slay +1) [demonic ancestry]
  1436 | D:1      | Reached XP level 5. HP: 16/37 MP: 6/6
  2059 | D:3      | Found a transporter.
  2103 | D:3      | Noticed BerneyBell's ghost (amateur OpTm)
  2104 | D:3      | Found a transporter.
  2422 | D:3      | Found a runed translucent door.
  2423 | D:3      | Noticed Crazy Yiuf
  2618 | D:4      | Noticed Edmund
  2687 | D:4      | Noticed Eustachio
  2738 | D:4      | Killed Eustachio
  2739 | D:4      | Reached skill level 5 in Ranged Weapons
  2739 | D:4      | Gained mutation: You are mostly covered in razor-sharp
                  | scales. (AC +2, Slay +2) [demonic ancestry]
  2739 | D:4      | Reached XP level 6. HP: 38/43 MP: 7/7
  2837 | D:3      | HP: 1/43 [Edmund/+3 dire flail of distortion (20)]
  2892 | D:4      | Identified the +3 plate armour "Hitolluy" {+Inv rElec rC-
                  | Dex+6 SInv}
  3095 | D:4      | Noticed a hornet
  3099 | D:4      | Paralysed by a hornet for 1 turns
  3111 | D:4      | Paralysed by a hornet for 3 turns
  3120 | D:4      | Paralysed by a hornet for 3 turns
  3122 | D:4      | HP: 1/43 [hornet (8)]
  3122 | D:4      | Demolished by a hornet

Illustrated notes

Levels and vault maps discovered:
D:1:      minmay_arrival_hallway, layout_rooms, minivault_14
D:2:      layout_loops_ring, shapermc_ecumenical_altar_mp_urbaneastern,
          serial_shops, shop, uniq_natasha
D:3:      layout_loops_ring, gammafunk_ghost_mausoleum, uniq_crazy_yiuf_cottage
D:4:      layout_loops_ring, pdpol_temple_overflow_zin_treasury_gozag_greed,
          nicolae_ru_the_path_less_chosen, serial_demonic, serial_demonic_b,
          serial_demonic_a, serial_demonic_a, serial_demonic_c,
          serial_demonic_d, serial_demonic_e, uniq_eustachio, uniq_edmund

Skill      XL: |  1  2  3  4  5  6 |
---------------+-------------------+-----
Ranged Weapons | 2 3 4 5 |  5.3
Unarmed Combat | 1 2 3 4 |  4.0
Fighting       | |  1.0
Dodging        | |  1.7
Spellcasting   | |  1.0
Hexes          | |  3.0

Action                     |  1- 3 |  4- 6 || total
---------------------------+-------+-------++-------
  Melee: Unarmed           |       |     6 ||     6
         Punch             |       |     1 ||     1
   Fire: Sling             |   161 |   176 ||   337
   Cast: Slow              |       |     5 ||     5
    Use: Scroll            |     1 |     5 ||     6
         Potion            |       |     4 ||     4
 Armour: Robe              |    34 |    20 ||    54
         Skin              |       |    28 ||    28
  Dodge: Dodged            |   109 |    95 ||   204
